Nordiques vs Blackhawks

Created - November 23, 2019 at 22:41

Goals
1 2 3 T
Nordiques 1 1 0 2
Blackhawks 2 3 0 5
Shots
1 2 3 T
Nordiques 8 9 9 26
Blackhawks 15 10 5 30

1st period

1. Blackhawks , Chris Kreider 10 (Derick Brassard 20, Rick Nash 13) at 7:45 (PP)
2. Blackhawks , Antoine Roussel 7 (Rick Nash 14, Derick Brassard 21) at 8:41
3. Nordiques , R.J. Umberger 5 (Ryan Ellis 15, Maxim Talbot 10) at 18:24 (PP)

Penalties :
Evander Kane (Que) for Interference (Minor) at 0:22, Trevor Daley (Que) for Hooking (Minor) at 7:37, T.J. Fast (Que) for Roughing (Minor) at 13:11, Mike Green (Chi) for Hooking (Minor) at 17:36

2nd period

4. Blackhawks , Erik Christensen 2 (Bobby Ryan 1, Tyler Cuma 6) at 5:49
5. Nordiques , Zac Rinaldo 3 (Mike Brown 4, Ryan Ellis 16) at 10:22
6. Blackhawks , Chris Kreider 11 (Derick Brassard 22, Rick Nash 15) at 11:31 (PP)
7. Blackhawks , Derick Brassard 15 (Antoine Roussel 7, John Carlson 16) at 17:06

Penalties :
Mike Fisher (Que) for Hooking (Minor) at 11:21, R.J. Umberger (Que) for Tripping (Minor) at 18:09

3rd period

No Goal

Penalties :
Maxim Talbot (Que) for Roughing (Minor) at 1:49, Zac Rinaldo (Que) for Tripping (Minor) at 5:17, Brandon Yip (Chi) for Hooking (Minor) at 10:44, Maxim Talbot (Que) for Slashing (Minor) at 18:08

Goalie Stats

Julien Ellis (Que), 19 saves from 24 shots - (0.792), L, 4-4-0, 37:06 minutes
Jake Allen (Que), 6 saves from 6 shots - (1.000), 22:54 minutes
Ray Emery (Chi), 24 saves from 26 shots - (0.923), W, 1-0-0, 60:00 minutes

Players Stats for Nordiques

Player Name              G  A  P  +/- PIM S  H  SB GA TA FO     MP     PP MP  PK MP  
------------------------------------------------------------------------------------
Adam Pineault            0  0  0  -1  0   0  1  1  0  0  0/0     5:26   0:00   0:00 
David Legwand            0  0  0  -1  0   2  3  0  1  1  12/27  21:16   1:32   3:51 
Dustin Byfuglien         0  0  0  -1  0   0  0  0  0  0  0/0    11:11   0:00   0:00 
Evander Kane             0  0  0  -2  2   3  2  2  2  0  1/2    21:54   1:32   5:07 
Fedor Tyutin             0  0  0  -1  0   1  1  3  0  1  0/0    21:14   0:51   5:31 
Jay Bouwmeester          0  0  0  -1  0   0  0  0  1  0  0/0    25:00   1:56   6:33 
Jiri Hudler              0  0  0   0  0   1  0  0  0  0  1/1    14:41   1:15   0:00 
Matt Gilroy              0  0  0   1  0   0  0  0  0  0  0/0     2:35   0:00   0:00 
Maxim Talbot             0  1  1   0  4   3  2  0  0  0  7/13   15:44   1:15   0:40 
Mike Brown               0  1  1   0  0   0  0  0  0  0  0/0    11:10   0:00   0:00 
Mike Fisher              0  0  0   0  2   2  1  0  0  0  3/7    14:04   0:00   3:06 
Paul Gaustad             0  0  0  -1  0   0  0  0  0  0  1/2     4:38   0:00   0:00 
R.J. Umberger            1  0  1   0  2   4  3  0  0  0  1/1    18:45   1:15   3:01 
Ryan Ellis               0  2  2   0  0   2  2  1  1  1  0/0    27:35   1:56   6:33 
T.J. Fast                0  0  0  -1  2   0  0  1  0  0  0/0    11:46   0:00   0:00 
Trevor Daley             0  0  0  -1  2   1  0  1  0  0  0/0    21:13   0:51   5:31 
Vladimir Tarasenko       0  0  0  -1  0   5  2  0  1  0  6/11   25:31   1:32   5:52 
Zac Rinaldo              1  0  1   0  2   2  2  0  1  0  1/1    14:05   0:00   2:31 

Players Stats for Blackhawks

Player Name              G  A  P  +/- PIM S  H  SB GA TA FO     MP     PP MP  PK MP  
------------------------------------------------------------------------------------
Antoine Roussel          1  1  2   2  0   4  0  0  0  1  2/2    21:13   5:00   0:00 
Bobby Ryan               0  1  1   1  0   1  0  0  0  1  0/0    14:01   5:20   0:00 
Brandon Yip              0  0  0   0  2   0  1  0  0  0  0/1    13:22   0:22   0:00 
Chris Kreider            2  0  2   0  0   4  4  1  0  1  1/1    19:30   6:30   0:52 
David Jones              0  0  0  -1  0   0  0  0  0  1  0/0     6:22   0:00   0:00 
Derick Brassard          1  3  4   2  0   7  1  1  2  0  18/32  25:16   6:22   1:48 
Erik Christensen         1  0  1   1  0   1  1  0  1  0  6/13   14:17   5:20   0:00 
Gabriel Bourque          0  0  0  -1  0   0  2  0  0  0  0/0     7:18   0:00   0:08 
John Carlson             0  1  1   2  0   1  1  4  0  1  0/0    24:04   7:18   1:52 
Matthew Spiller          0  0  0   2  0   1  0  1  0  1  0/0    13:27   0:00   0:55 
Michael Latta            0  0  0  -1  0   2  0  1  0  0  0/4     9:13   0:56   0:48 
Mike Green               0  0  0   0  2   3  2  0  0  1  0/0    27:55   7:18   1:04 
Peter Regin              0  0  0   0  0   0  0  1  0  0  4/10   12:36   0:00   0:11 
Rick Nash                0  3  3   2  0   4  0  2  0  0  1/2    25:02   6:22   1:47 
Robert Hagg              0  0  0   0  0   0  0  2  0  0  0/0    13:07   0:17   0:55 
Seth Jones               0  0  0   0  0   0  0  0  0  0  0/0    16:56   4:29   0:00 
Tomas Fleischmann        0  0  0   1  0   1  0  0  0  0  0/0     9:02   0:00   0:00 
Tyler Cuma               0  1  1   0  0   1  1  1  0  0  0/0    24:30   4:46   0:48 

3 Stars

1 - Derick Brassard (Chi)
2 - Chris Kreider (Chi)
3 - Rick Nash (Chi)

Power Play

Nordiques - 1 on 2 Attempt(s) - 50.00%
Blackhawks - 2 on 8 Attempt(s) - 25.00%

Penalty Kill

Nordiques - 6 on 8 Attempt(s) - 75.00% - Score 0 goal in Penalty Kill
Blackhawks - 1 on 2 Attempt(s) - 50.00% - Score 0 goal in Penalty Kill

Team Stat

Nordiques - Hits : 19 - Faceoff Wins : 33 - Blocked Shots : 9 - Penalty Minutes : 16
Blackhawks - Hits : 13 - Faceoff Wins : 32 - Blocked Shots : 14 - Penalty Minutes : 4

Official

Referees : Unknown
Linesman : Unknown

Game Notes

17:44 of 1st period - Nordiques goal is going for a video replay. After video review, No Goal. The puck has entered the net after making contact with an attacking player’s stick that is above the height of the crossbar.
Jake Allen enters game at 17:06 of 2nd period

Finance

Level 1 -- Attendance: 4507 (75.12%) -- Ticket Income $531,826
Level 2 -- Attendance: 3965 (79.30%) -- Ticket Income $297,375
Level 3 -- Attendance: 1480 (74.00%) -- Ticket Income $74,000
Level 4 -- Attendance: 3028 (75.70%) -- Ticket Income $109,008
Luxury Box -- Attendance: 813 (81.30%) -- Ticket Income $165,039
Game was played at the Rexall Place.
Total Attendance: 13793 (76.63%)
Total Ticket Income: $1,177,248
Other Income: $176,587
Total Income: $1,353,835

Nordiques

5 vs 5 Forward 
   Center                   Left Wing                Right Wing               Time % Phy DF OF 
 1 David Legwand            Evander Kane             Vladimir Tarasenko       40     1   2  2  
 2 Maxim Talbot             R.J. Umberger            Jiri Hudler              30     1   2  2  
 3 Mike Fisher              Zac Rinaldo              Mike Brown               20     1   2  2  
 4 Paul Gaustad             Vladimir Tarasenko       Adam Pineault            10     1   2  2  

5 vs 5 Defense 
   Defense                  Defense                                           Time % Phy DF OF 
 1 Ryan Ellis               Jay Bouwmeester                                   40     1   2  2  
 2 Fedor Tyutin             Trevor Daley                                      30     1   2  2  
 3 T.J. Fast                Dustin Byfuglien                                  20     1   2  2  
 4 Matt Gilroy              Ryan Ellis                                        10     1   2  2  

PowerPlay Forward 
   Center                   Left Wing                Right Wing               Time % Phy DF OF 
 1 David Legwand            Evander Kane             Vladimir Tarasenko       60     1   2  2  
 2 Maxim Talbot             R.J. Umberger            Jiri Hudler              40     1   2  2  

PowerPlay Defense
   Defense                  Defense                                           Time % Phy DF OF 
 1 Ryan Ellis               Jay Bouwmeester                                   60     1   2  2  
 2 Fedor Tyutin             Trevor Daley                                      40     1   2  2  

Penalty Kill 4 Players Forward 
   Center                   Wing                     Time % Phy DF OF 
 1 Vladimir Tarasenko       Evander Kane             60     1   2  2  
 2 David Legwand            R.J. Umberger            40     1   2  2  

Penalty Kill 4 Players Defense
   Defense                  Defense                  Time % Phy DF OF 
 1 Ryan Ellis               Jay Bouwmeester          60     1   2  2  
 2 Fedor Tyutin             Trevor Daley             40     1   2  2  

Penalty Kill - 3 Players Forward 
   Forward                                           Time % Phy DF OF 
 1 Vladimir Tarasenko                                60     1   2  2  
 2 Evander Kane                                      40     1   2  2  

Penalty Kill - 3 Players Defense
   Defense                  Defense                  Time % Phy DF OF 
 1 Ryan Ellis               Jay Bouwmeester          60     1   2  2  
 2 Fedor Tyutin             Trevor Daley             40     1   2  2  

4 vs 4 Forward 
   Center                   Wing                     Time % Phy DF OF 
 1 Vladimir Tarasenko       Evander Kane             60     1   2  2  
 2 David Legwand            R.J. Umberger            40     1   2  2  

4 vs 4 Defense
   Defense                  Defense                  Time % Phy DF OF 
 1 Ryan Ellis               Jay Bouwmeester          60     1   2  2  
 2 Fedor Tyutin             Trevor Daley             40     1   2  2  

Last Minutes Offensive
   Center                   Left Wing                Right Wing               Defense                  Defense                  
   David Legwand            Evander Kane             Vladimir Tarasenko       Ryan Ellis               Jay Bouwmeester          

Last Minutes Defensive
   Center                   Left Wing                Right Wing               Defense                  Defense                  
   David Legwand            Evander Kane             Vladimir Tarasenko       Ryan Ellis               Jay Bouwmeester          

Goaltenders
Starting : Julien Ellis             
Backup : Jake Allen               

Extra Forwards
Normal : Mike Brown, Adam Pineault, Mike Fisher - PP : Mike Brown, Adam Pineault - PK : Mike Fisher
Extra Defensemen
Normal : T.J. Fast, Dustin Byfuglien, Matt Gilroy - PP : T.J. Fast - PK : Dustin Byfuglien, Matt Gilroy
Penalty Shots
Vladimir Tarasenko, Evander Kane, David Legwand, R.J. Umberger, Maxim Talbot

Scratches
Cody McLeod (Healthy), James Sheppard (Healthy), Jonathan Quick (Healthy)

Blackhawks

5 vs 5 Forward 
   Center                   Left Wing                Right Wing               Time % Phy DF OF 
 1 Derick Brassard          Antoine Roussel          Rick Nash                40     1   2  2  
 2 Peter Regin              Chris Kreider            Brandon Yip              30     1   2  2  
 3 Erik Christensen         Tomas Fleischmann        Bobby Ryan               20     1   2  2  
 4 Michael Latta            Gabriel Bourque          David Jones              10     1   2  2  

5 vs 5 Defense 
   Defense                  Defense                                           Time % Phy DF OF 
 1 Mike Green               Tyler Cuma                                        40     1   2  2  
 2 John Carlson             Matthew Spiller                                   30     1   2  2  
 3 Seth Jones               Robert Hagg                                       20     1   2  2  
 4 Mike Green               John Carlson                                      10     1   2  2  

PowerPlay Forward 
   Center                   Left Wing                Right Wing               Time % Phy DF OF 
 1 Derick Brassard          Chris Kreider            Rick Nash                60     1   2  2  
 2 Erik Christensen         Antoine Roussel          Bobby Ryan               40     1   2  2  

PowerPlay Defense
   Defense                  Defense                                           Time % Phy DF OF 
 1 Mike Green               John Carlson                                      60     1   2  2  
 2 Tyler Cuma               Seth Jones                                        40     1   2  2  

Penalty Kill 4 Players Forward 
   Center                   Wing                     Time % Phy DF OF 
 1 Derick Brassard          Rick Nash                60     1   2  2  
 2 Peter Regin              Chris Kreider            40     1   2  2  

Penalty Kill 4 Players Defense
   Defense                  Defense                  Time % Phy DF OF 
 1 Mike Green               John Carlson             60     1   2  2  
 2 Matthew Spiller          Robert Hagg              40     1   2  2  

Penalty Kill - 3 Players Forward 
   Forward                                           Time % Phy DF OF 
 1 Derick Brassard                                   60     1   2  2  
 2 Peter Regin                                       40     1   2  2  

Penalty Kill - 3 Players Defense
   Defense                  Defense                  Time % Phy DF OF 
 1 Mike Green               John Carlson             60     1   2  2  
 2 Matthew Spiller          Robert Hagg              40     1   2  2  

4 vs 4 Forward 
   Center                   Wing                     Time % Phy DF OF 
 1 Derick Brassard          Chris Kreider            60     1   2  2  
 2 Erik Christensen         Rick Nash                40     1   2  2  

4 vs 4 Defense
   Defense                  Defense                  Time % Phy DF OF 
 1 Mike Green               John Carlson             60     1   2  2  
 2 Tyler Cuma               Seth Jones               40     1   2  2  

Last Minutes Offensive
   Center                   Left Wing                Right Wing               Defense                  Defense                  
   Derick Brassard          Chris Kreider            Rick Nash                Mike Green               John Carlson             

Last Minutes Defensive
   Center                   Left Wing                Right Wing               Defense                  Defense                  
   Derick Brassard          Chris Kreider            Rick Nash                Mike Green               John Carlson             

Goaltenders
Starting : Ray Emery                
Backup : Jimmy Howard             

Extra Forwards
Normal : Tomas Fleischmann, Brandon Yip, Michael Latta - PP : Michael Latta, Brandon Yip - PK : Brandon Yip
Extra Defensemen
Normal : Seth Jones, Robert Hagg, John Carlson - PP : Robert Hagg - PK : Tyler Cuma, Seth Jones
Penalty Shots
Derick Brassard, Mike Green, Peter Regin, Rick Nash, Brandon Yip

Scratches
Scott Gomez (Healthy)

% Time on Ice - Nordiques

Lines # - Real PCT - Wanted PCT - Time Play
Normal Forward
1 - 33% - 40% - 15:05
2 - 32% - 30% - 14:27
3 - 24% - 20% - 10:59
4 - 10% - 10% - 4:38
Normal Defense
1 - 37% - 40% - 16:31
2 - 33% - 30% - 14:52
3 - 25% - 20% - 11:11
4 - 6% - 10% - 2:35
PP Forward
1 - 55% - 60% - 1:32
2 - 45% - 40% - 1:15
PP Defense
1 - 69% - 60% - 1:56
2 - 31% - 40% - 0:51
PK Forward
1 - 74% - 60% - 8:57
2 - 26% - 40% - 3:07
PK Defense
1 - 54% - 60% - 6:33
2 - 46% - 40% - 5:31
PK3 Forward
1 - 0% - 60%
2 - 0% - 40%
PK3 Defense
1 - 0% - 60%
2 - 0% - 40%
44 Forward
1 - 0% - 60%
2 - 0% - 40%
44 Defense
1 - 0% - 60%
2 - 0% - 40%
Last Minute Offensive  - 0:00
Last Minute Defensive  - 0:00
Total
Forward - 60:00
Defense - 60:00

% Time on Ice - Blackhawks

Lines # - Real PCT - Wanted PCT - Time Play
Normal Forward
1 - 39% - 40% - 17:41
2 - 28% - 30% - 12:34
3 - 19% - 20% - 8:32
4 - 14% - 10% - 6:22
Normal Defense
1 - 40% - 40% - 17:59
2 - 31% - 30% - 14:02
3 - 25% - 20% - 11:19
4 - 4% - 10% - 1:49
PP Forward
1 - 56% - 60% - 6:44
2 - 44% - 40% - 5:20
PP Defense
1 - 60% - 60% - 7:18
2 - 40% - 40% - 4:46
PK Forward
1 - 93% - 60% - 2:36
2 - 7% - 40% - 0:11
PK Defense
1 - 67% - 60% - 1:52
2 - 33% - 40% - 0:55
PK3 Forward
1 - 0% - 60%
2 - 0% - 40%
PK3 Defense
1 - 0% - 60%
2 - 0% - 40%
44 Forward
1 - 0% - 60%
2 - 0% - 40%
44 Defense
1 - 0% - 60%
2 - 0% - 40%
Last Minute Offensive  - 0:00
Last Minute Defensive  - 0:00
Total
Forward - 60:00
Defense - 60:00

Play-by-Play

1st period


0:01 of 1st period - Derick Brassard wins face-off versus David Legwand in neutral zone.
0:04 of 1st period - Snap shot by Rick Nash.
0:04 of 1st period - Shot Misses the Net.
0:22 of 1st period - Minor Penalty to Evander Kane for Interference.
0:23 of 1st period - Derick Brassard wins face-off versus Vladimir Tarasenko in Nordiques zone.
0:58 of 1st period - Slapshot by Mike Green.
0:58 of 1st period - Stopped by Julien Ellis with a rebound.
1:28 of 1st period - Jay Bouwmeester is hit by Tyler Cuma and loses puck.
2:08 of 1st period - Icing by Chris Kreider.
2:09 of 1st period - Derick Brassard wins face-off versus David Legwand in Blackhawks zone.
2:22 of 1st period - Penalty to Evander Kane is over, Evander Kane is back on ice.
2:34 of 1st period - Slapshot by Mike Fisher.
2:34 of 1st period - Shot Blocked by Michael Latta.
2:37 of 1st period - Icing by Seth Jones.
2:38 of 1st period - Mike Fisher wins face-off versus Michael Latta in Blackhawks zone.
3:01 of 1st period - Wrist shot by Michael Latta.
3:01 of 1st period - Stopped by Julien Ellis with a rebound.
3:03 of 1st period - Slapshot by Seth Jones.
3:03 of 1st period - Shot Misses the Net.
3:23 of 1st period - Snap shot by Mike Fisher.
3:23 of 1st period - Stopped by Ray Emery without a rebound.
3:24 of 1st period - Derick Brassard wins face-off versus David Legwand in Blackhawks zone.
3:30 of 1st period - Off-side.
3:31 of 1st period - David Legwand wins face-off versus Derick Brassard in neutral zone.
3:36 of 1st period - Snap shot by Evander Kane.
3:36 of 1st period - Shot Misses the Net.
3:52 of 1st period - Snap shot by Derick Brassard.
3:52 of 1st period - Shot Misses the Net.
3:54 of 1st period - Slapshot by Rick Nash.
3:54 of 1st period - Shot Blocked by Fedor Tyutin.
3:56 of 1st period - Backhand shot by Mike Green.
3:56 of 1st period - Shot Blocked by Fedor Tyutin.
3:58 of 1st period - Slapshot by John Carlson.
3:58 of 1st period - Shot Misses the Net.
4:04 of 1st period - Snap shot by Derick Brassard.
4:04 of 1st period - Shot Misses the Net.
4:14 of 1st period - Wrist shot by Antoine Roussel.
4:14 of 1st period - Stopped by Julien Ellis with a rebound.
4:16 of 1st period - Wrist shot by Derick Brassard.
4:16 of 1st period - Stopped by Julien Ellis with a rebound.
4:18 of 1st period - Slapshot by Mike Green.
4:18 of 1st period - Stopped by Julien Ellis without a rebound.
4:19 of 1st period - Maxim Talbot wins face-off versus Brandon Yip in Nordiques zone.
4:19 of 1st period - Maxim Talbot is hit by Chris Kreider.
4:45 of 1st period - Dustin Byfuglien is hit by Erik Christensen and loses puck.
5:29 of 1st period - Slapshot by Peter Regin.
5:29 of 1st period - Deflect By Brandon Yip.
5:29 of 1st period - Shot Misses the Net.
5:29 of 1st period - Puck is out of play.
5:30 of 1st period - Mike Fisher wins face-off versus Peter Regin in Nordiques zone.
5:55 of 1st period - Slapshot by Vladimir Tarasenko.
5:55 of 1st period - Stopped by Ray Emery with a rebound.
5:57 of 1st period - Snap shot by Evander Kane.
5:57 of 1st period - Shot Blocked by John Carlson.
5:59 of 1st period - Snap shot by Fedor Tyutin.
5:59 of 1st period - Shot Misses the Net.
6:01 of 1st period - Wrist shot by Fedor Tyutin.
6:01 of 1st period - Deflect By Evander Kane.
6:01 of 1st period - Shot Misses the Net.
6:01 of 1st period - Puck is out of play.
6:02 of 1st period - David Legwand wins face-off versus Derick Brassard in Blackhawks zone.
6:13 of 1st period - Snap shot by Vladimir Tarasenko.
6:13 of 1st period - Stopped by Ray Emery without a rebound.
6:14 of 1st period - Peter Regin wins face-off versus David Legwand in Blackhawks zone.
6:27 of 1st period - Slapshot by Vladimir Tarasenko.
6:27 of 1st period - Stopped by Ray Emery with a rebound.
6:29 of 1st period - Wrist shot by David Legwand.
6:29 of 1st period - Deflect By Chris Kreider.
6:29 of 1st period - Shot Misses the Net.
6:29 of 1st period - Puck is out of play.
6:30 of 1st period - Maxim Talbot wins face-off versus Erik Christensen in Blackhawks zone.
6:55 of 1st period - Derick Brassard is hit by Vladimir Tarasenko and loses puck.
7:27 of 1st period - Snap shot by Chris Kreider.
7:27 of 1st period - Stopped by Julien Ellis with a rebound.
7:37 of 1st period - Minor Penalty to Trevor Daley for Hooking.
7:38 of 1st period - Vladimir Tarasenko wins face-off versus Derick Brassard in Nordiques zone.
7:45 of 1st period - Slapshot by Chris Kreider.
7:45 of 1st period - Goal by Chris Kreider - Nordiques : 0 - Blackhawks : 1.
7:46 of 1st period - Derick Brassard wins face-off versus Maxim Talbot in neutral zone.
7:55 of 1st period - Derick Brassard is hit by Maxim Talbot and loses puck.
8:35 of 1st period - Slapshot by Mike Green.
8:35 of 1st period - Stopped by Julien Ellis without a rebound.
8:36 of 1st period - Derick Brassard wins face-off versus Mike Fisher in Nordiques zone.
8:37 of 1st period - Snap shot by Rick Nash.
8:37 of 1st period - Stopped by Julien Ellis with a rebound.
8:41 of 1st period - Snap shot by Antoine Roussel.
8:41 of 1st period - Goal by Antoine Roussel - Nordiques : 0 - Blackhawks : 2.
8:42 of 1st period - Paul Gaustad wins face-off versus Derick Brassard in neutral zone.
9:19 of 1st period - Slapshot by Chris Kreider.
9:19 of 1st period - Stopped by Julien Ellis without a rebound.
9:20 of 1st period - Erik Christensen wins face-off versus Maxim Talbot in Nordiques zone.
9:25 of 1st period - Slapshot by Bobby Ryan.
9:25 of 1st period - Stopped by Julien Ellis without a rebound.
9:26 of 1st period - Maxim Talbot wins face-off versus Erik Christensen in Nordiques zone.
9:35 of 1st period - Wrist shot by R.J. Umberger.
9:35 of 1st period - Stopped by Ray Emery without a rebound.
9:36 of 1st period - David Legwand wins face-off versus Derick Brassard in Blackhawks zone.
10:53 of 1st period - Off-side.
10:54 of 1st period - David Legwand wins face-off versus Derick Brassard in neutral zone.
11:02 of 1st period - Off-side.
11:03 of 1st period - David Legwand wins face-off versus Derick Brassard in neutral zone.
11:05 of 1st period - Off-side.
11:06 of 1st period - Antoine Roussel wins face-off versus David Legwand in neutral zone.
11:24 of 1st period - Icing by Antoine Roussel.
11:25 of 1st period - Derick Brassard wins face-off versus Maxim Talbot in Blackhawks zone.
11:36 of 1st period - Slapshot by Derick Brassard.
11:36 of 1st period - Shot Hit the Post.
11:46 of 1st period - Wrist shot by Rick Nash.
11:46 of 1st period - Stopped by Julien Ellis with a rebound.
11:48 of 1st period - Slapshot by Rick Nash.
11:48 of 1st period - Stopped by Julien Ellis without a rebound.
11:49 of 1st period - Erik Christensen wins face-off versus David Legwand in Nordiques zone.
12:14 of 1st period - Tyler Cuma is hit by R.J. Umberger and loses puck.
12:42 of 1st period - Tyler Cuma is hit by Zac Rinaldo and loses puck.
13:11 of 1st period - Minor Penalty to T.J. Fast for Roughing.
13:12 of 1st period - Derick Brassard wins face-off versus Vladimir Tarasenko in Nordiques zone.
13:15 of 1st period - Wrist shot by Derick Brassard.
13:15 of 1st period - Stopped by Julien Ellis without a rebound.
13:16 of 1st period - Vladimir Tarasenko wins face-off versus Rick Nash in Nordiques zone.
13:52 of 1st period - Wrist shot by Antoine Roussel.
13:52 of 1st period - Shot Misses the Net.
15:11 of 1st period - Penalty to T.J. Fast is over, T.J. Fast is back on ice.
15:54 of 1st period - Snap shot by Mike Fisher.
15:54 of 1st period - Deflect By Zac Rinaldo.
15:54 of 1st period - Stopped by Ray Emery with a rebound.
16:06 of 1st period - Seth Jones is hit by Adam Pineault and loses puck.
16:59 of 1st period - Off-side.
17:00 of 1st period - Chris Kreider wins face-off versus Paul Gaustad in neutral zone.
17:09 of 1st period - Slapshot by Peter Regin.
17:09 of 1st period - Shot Misses the Net.
17:36 of 1st period - Minor Penalty to Mike Green for Hooking.
17:37 of 1st period - David Legwand wins face-off versus Derick Brassard in Blackhawks zone.
17:40 of 1st period - Slapshot by Ryan Ellis.
17:40 of 1st period - Shot Blocked by Rick Nash.
17:44 of 1st period - Wrist shot by Vladimir Tarasenko.
17:44 of 1st period - Nordiques goal is going for a video replay.
17:44 of 1st period - The goal is refused. The puck has entered the net after making contact with an attacking player’s stick that is above the height of the crossbar..
17:45 of 1st period - Derick Brassard wins face-off versus David Legwand in Blackhawks zone.
18:16 of 1st period - Snap shot by Maxim Talbot.
18:16 of 1st period - Shot Misses the Net.
18:18 of 1st period - Snap shot by Maxim Talbot.
18:18 of 1st period - Shot Blocked by Tyler Cuma.
18:20 of 1st period - Slapshot by Ryan Ellis.
18:20 of 1st period - Shot Blocked by Rick Nash.
18:22 of 1st period - Wrist shot by R.J. Umberger.
18:22 of 1st period - Shot Misses the Net.
18:24 of 1st period - Snap shot by R.J. Umberger.
18:24 of 1st period - Goal by R.J. Umberger - Nordiques : 1 - Blackhawks : 2.
18:25 of 1st period - Erik Christensen wins face-off versus David Legwand in neutral zone.
19:08 of 1st period - Icing by Mike Green.
19:09 of 1st period - Mike Fisher wins face-off versus Derick Brassard in Blackhawks zone.
19:45 of 1st period - Mike Green is hit by R.J. Umberger and loses puck.
19:53 of 1st period - Icing by Mike Green.
19:54 of 1st period - Erik Christensen wins face-off versus Mike Fisher in Blackhawks zone.
Goals for this period are 1 for Nordiques vs 2 for Blackhawks.
Shots for this period are 8 for Nordiques vs 15 for Blackhawks.

2nd period


0:01 of 2nd period - Vladimir Tarasenko wins face-off versus Derick Brassard in neutral zone.
0:10 of 2nd period - Wrist shot by Rick Nash.
0:10 of 2nd period - Stopped by Julien Ellis with a rebound.
0:12 of 2nd period - Snap shot by Antoine Roussel.
0:12 of 2nd period - Shot Blocked by Evander Kane.
0:14 of 2nd period - Slapshot by John Carlson.
0:14 of 2nd period - Shot Blocked by Evander Kane.
0:16 of 2nd period - Snap shot by Antoine Roussel.
0:16 of 2nd period - Stopped by Julien Ellis with a rebound.
1:08 of 2nd period - Wrist shot by Tyler Cuma.
1:08 of 2nd period - Shot Misses the Net.
1:10 of 2nd period - Slapshot by Mike Green.
1:10 of 2nd period - Shot Blocked by Adam Pineault.
1:12 of 2nd period - Slapshot by Tyler Cuma.
1:12 of 2nd period - Stopped by Julien Ellis without a rebound.
1:13 of 2nd period - David Legwand wins face-off versus Michael Latta in Nordiques zone.
1:44 of 2nd period - Wrist shot by R.J. Umberger.
1:44 of 2nd period - Deflect By Antoine Roussel.
1:44 of 2nd period - Stopped by Ray Emery with a rebound.
2:07 of 2nd period - Slapshot by Zac Rinaldo.
2:07 of 2nd period - Deflect By Tyler Cuma.
2:07 of 2nd period - Shot Misses the Net.
2:07 of 2nd period - Puck is out of play.
2:08 of 2nd period - Erik Christensen wins face-off versus David Legwand in Blackhawks zone.
2:37 of 2nd period - Chris Kreider is hit by Fedor Tyutin and loses puck.
2:44 of 2nd period - Backhand shot by David Legwand.
2:44 of 2nd period - Shot Blocked by Peter Regin.
2:46 of 2nd period - Snap shot by Fedor Tyutin.
2:46 of 2nd period - Shot Blocked by Chris Kreider.
2:48 of 2nd period - Slapshot by Fedor Tyutin.
2:48 of 2nd period - Deflect By Peter Regin.
2:48 of 2nd period - Stopped by Ray Emery with a rebound.
3:08 of 2nd period - Wrist shot by Maxim Talbot.
3:08 of 2nd period - Deflect By John Carlson.
3:08 of 2nd period - Shot Blocked by Derick Brassard.
3:08 of 2nd period - Puck is out of play.
3:09 of 2nd period - Derick Brassard wins face-off versus Maxim Talbot in Blackhawks zone.
3:18 of 2nd period - Snap shot by Maxim Talbot.
3:18 of 2nd period - Stopped by Ray Emery with a rebound.
3:20 of 2nd period - Wrist shot by Jiri Hudler.
3:20 of 2nd period - Shot Hit the Post.
3:22 of 2nd period - Slapshot by Jay Bouwmeester.
3:22 of 2nd period - Shot Misses the Net.
3:46 of 2nd period - Slapshot by Ryan Ellis.
3:46 of 2nd period - Shot Blocked by Robert Hagg.
4:48 of 2nd period - Evander Kane is hit by Chris Kreider and loses puck.
5:49 of 2nd period - Slapshot by Erik Christensen.
5:49 of 2nd period - Goal by Erik Christensen - Nordiques : 1 - Blackhawks : 3.
5:50 of 2nd period - Antoine Roussel wins face-off versus David Legwand in neutral zone.
5:57 of 2nd period - Snap shot by Derick Brassard.
5:57 of 2nd period - Shot Blocked by Ryan Ellis.
6:29 of 2nd period - Slapshot by Antoine Roussel.
6:29 of 2nd period - Shot Misses the Net.
6:57 of 2nd period - Snap shot by Derick Brassard.
6:57 of 2nd period - Stopped by Julien Ellis with a rebound.
7:44 of 2nd period - R.J. Umberger is hit by John Carlson and loses puck.
8:01 of 2nd period - Slapshot by Ryan Ellis.
8:01 of 2nd period - Stopped by Ray Emery without a rebound.
8:02 of 2nd period - David Legwand wins face-off versus Peter Regin in Blackhawks zone.
8:06 of 2nd period - Icing by Peter Regin.
8:07 of 2nd period - David Legwand wins face-off versus Peter Regin in Blackhawks zone.
8:14 of 2nd period - Tyler Cuma is hit by Vladimir Tarasenko and loses puck.
8:22 of 2nd period - Icing by Peter Regin.
8:23 of 2nd period - David Legwand wins face-off versus Peter Regin in Blackhawks zone.
8:36 of 2nd period - Wrist shot by Chris Kreider.
8:36 of 2nd period - Deflect By Peter Regin.
8:36 of 2nd period - Shot Blocked by Trevor Daley.
8:36 of 2nd period - Puck is out of play.
8:37 of 2nd period - Evander Kane wins face-off versus Erik Christensen in Nordiques zone.
9:02 of 2nd period - Mike Green is hit by Mike Fisher and loses puck.
9:28 of 2nd period - Dustin Byfuglien is hit by Gabriel Bourque and loses puck.
10:22 of 2nd period - Backhand shot by Zac Rinaldo.
10:22 of 2nd period - Goal by Zac Rinaldo - Nordiques : 2 - Blackhawks : 3.
10:23 of 2nd period - Derick Brassard wins face-off versus David Legwand in neutral zone.
10:26 of 2nd period - Slapshot by Mike Green.
10:26 of 2nd period - Shot Misses the Net.
10:32 of 2nd period - Derick Brassard is hit by Ryan Ellis and loses puck.
10:39 of 2nd period - Slapshot by David Legwand.
10:39 of 2nd period - Stopped by Ray Emery with a rebound.
10:58 of 2nd period - Snap shot by R.J. Umberger.
10:58 of 2nd period - Shot Misses the Net.
11:21 of 2nd period - Minor Penalty to Mike Fisher for Hooking.
11:22 of 2nd period - Derick Brassard wins face-off versus Vladimir Tarasenko in Nordiques zone.
11:31 of 2nd period - Snap shot by Derick Brassard.
11:31 of 2nd period - Deflect By Chris Kreider.
11:31 of 2nd period - Goal by Chris Kreider - Nordiques : 2 - Blackhawks : 4.
11:32 of 2nd period - Derick Brassard wins face-off versus Evander Kane in neutral zone.
11:35 of 2nd period - Evander Kane is hit by Mike Green.
11:41 of 2nd period - Mike Green is hit by David Legwand and loses puck.
11:58 of 2nd period - Peter Regin is hit by Maxim Talbot and loses puck.
12:12 of 2nd period - Off-side.
12:13 of 2nd period - David Legwand wins face-off versus Erik Christensen in neutral zone.
12:46 of 2nd period - Snap shot by Maxim Talbot.
12:46 of 2nd period - Shot Misses the Net.
12:48 of 2nd period - Snap shot by R.J. Umberger.
12:48 of 2nd period - Shot Blocked by Matthew Spiller.
14:09 of 2nd period - Icing by Seth Jones.
14:10 of 2nd period - R.J. Umberger wins face-off versus Erik Christensen in Blackhawks zone.
14:13 of 2nd period - Snap shot by Maxim Talbot.
14:13 of 2nd period - Stopped by Ray Emery with a rebound.
14:16 of 2nd period - Icing by Robert Hagg.
14:17 of 2nd period - Maxim Talbot wins face-off versus Erik Christensen in Blackhawks zone.
14:22 of 2nd period - Slapshot by Ryan Ellis.
14:22 of 2nd period - Shot Misses the Net.
14:24 of 2nd period - Snap shot by Maxim Talbot.
14:24 of 2nd period - Stopped by Ray Emery with a rebound.
14:26 of 2nd period - Snap shot by Jiri Hudler.
14:26 of 2nd period - Stopped by Ray Emery with a rebound.
14:48 of 2nd period - Slapshot by Derick Brassard.
14:48 of 2nd period - Stopped by Julien Ellis without a rebound.
14:49 of 2nd period - David Legwand wins face-off versus Derick Brassard in Nordiques zone.
14:54 of 2nd period - David Legwand is hit by Mike Green and loses puck.
15:01 of 2nd period - Snap shot by Derick Brassard.
15:01 of 2nd period - Shot Misses the Net.
15:03 of 2nd period - Snap shot by Mike Green.
15:03 of 2nd period - Deflect By Antoine Roussel.
15:03 of 2nd period - Stopped by Julien Ellis with a rebound.
15:09 of 2nd period - Slapshot by Antoine Roussel.
15:09 of 2nd period - Shot Blocked by Fedor Tyutin.
16:35 of 2nd period - Wrist shot by Evander Kane.
16:35 of 2nd period - Shot Misses the Net.
17:06 of 2nd period - Slapshot by Derick Brassard.
17:06 of 2nd period - Goal by Derick Brassard - Nordiques : 2 - Blackhawks : 5.
17:06 of 2nd period - Jake Allen enters game.
17:07 of 2nd period - Maxim Talbot wins face-off versus Peter Regin in neutral zone.
17:19 of 2nd period - Maxim Talbot is hit by Chris Kreider and loses puck.
17:34 of 2nd period - Tyler Cuma is hit by Ryan Ellis and loses puck.
17:58 of 2nd period - Snap shot by Michael Latta.
17:58 of 2nd period - Shot Hit the Post.
18:00 of 2nd period - Slapshot by John Carlson.
18:00 of 2nd period - Deflect By Michael Latta.
18:00 of 2nd period - Deflect By Maxim Talbot.
18:00 of 2nd period - Stopped by Jake Allen without a rebound.
18:01 of 2nd period - Peter Regin wins face-off versus Maxim Talbot in Nordiques zone.
18:09 of 2nd period - Minor Penalty to R.J. Umberger for Tripping.
18:10 of 2nd period - Erik Christensen wins face-off versus Mike Fisher in Nordiques zone.
18:14 of 2nd period - Snap shot by Erik Christensen.
18:14 of 2nd period - Shot Hit the Post.
Goals for this period are 1 for Nordiques vs 3 for Blackhawks.
Shots for this period are 9 for Nordiques vs 10 for Blackhawks.

3rd period


0:01 of 3rd period - Vladimir Tarasenko wins face-off versus Derick Brassard in neutral zone.
0:04 of 3rd period - Slapshot by Ryan Ellis.
0:04 of 3rd period - Shot Misses the Net.
0:09 of 3rd period - Penalty to R.J. Umberger is over, R.J. Umberger is back on ice.
0:35 of 3rd period - Wrist shot by Tomas Fleischmann.
0:35 of 3rd period - Stopped by Jake Allen with a rebound.
0:52 of 3rd period - Mike Fisher is hit by Brandon Yip and loses puck.
1:24 of 3rd period - Slapshot by John Carlson.
1:24 of 3rd period - Stopped by Jake Allen without a rebound.
1:25 of 3rd period - Derick Brassard wins face-off versus David Legwand in Nordiques zone.
1:40 of 3rd period - Wrist shot by Derick Brassard.
1:40 of 3rd period - Stopped by Jake Allen with a rebound.
1:42 of 3rd period - Backhand shot by Matthew Spiller.
1:42 of 3rd period - Stopped by Jake Allen without a rebound.
1:43 of 3rd period - Peter Regin wins face-off versus Maxim Talbot in Nordiques zone.
1:49 of 3rd period - Minor Penalty to Maxim Talbot for Roughing.
1:50 of 3rd period - Vladimir Tarasenko wins face-off versus Derick Brassard in Nordiques zone.
3:43 of 3rd period - Seth Jones is hit by R.J. Umberger and loses puck.
3:49 of 3rd period - Penalty to Maxim Talbot is over, Maxim Talbot is back on ice.
4:00 of 3rd period - Slapshot by Michael Latta.
4:00 of 3rd period - Shot Misses the Net.
5:17 of 3rd period - Minor Penalty to Zac Rinaldo for Tripping.
5:18 of 3rd period - Derick Brassard wins face-off versus Vladimir Tarasenko in Nordiques zone.
5:32 of 3rd period - Snap shot by Vladimir Tarasenko.
5:32 of 3rd period - Shot Blocked by John Carlson.
6:38 of 3rd period - John Carlson is hit by David Legwand and loses puck.
7:15 of 3rd period - Michael Latta is hit by Evander Kane and loses puck.
7:17 of 3rd period - Penalty to Zac Rinaldo is over, Zac Rinaldo is back on ice.
7:40 of 3rd period - Wrist shot by David Legwand.
7:40 of 3rd period - Stopped by Ray Emery with a rebound.
7:42 of 3rd period - Snap shot by Evander Kane.
7:42 of 3rd period - Stopped by Ray Emery with a rebound.
7:44 of 3rd period - Snap shot by Trevor Daley.
7:44 of 3rd period - Shot Blocked by Robert Hagg.
7:50 of 3rd period - Wrist shot by Zac Rinaldo.
7:50 of 3rd period - Deflect By Evander Kane.
7:50 of 3rd period - Stopped by Ray Emery with a rebound.
7:52 of 3rd period - Slapshot by Trevor Daley.
7:52 of 3rd period - Stopped by Ray Emery without a rebound.
7:53 of 3rd period - Maxim Talbot wins face-off versus Erik Christensen in Blackhawks zone.
8:00 of 3rd period - Snap shot by Jiri Hudler.
8:00 of 3rd period - Shot Blocked by John Carlson.
8:25 of 3rd period - Wrist shot by Peter Regin.
8:25 of 3rd period - Shot Misses the Net.
8:32 of 3rd period - Icing by Dustin Byfuglien.
8:33 of 3rd period - Zac Rinaldo wins face-off versus Michael Latta in Nordiques zone.
9:04 of 3rd period - Wrist shot by Maxim Talbot.
9:04 of 3rd period - Shot Misses the Net.
9:06 of 3rd period - Slapshot by Jay Bouwmeester.
9:06 of 3rd period - Deflect By R.J. Umberger.
9:06 of 3rd period - Stopped by Ray Emery without a rebound.
9:07 of 3rd period - Peter Regin wins face-off versus David Legwand in Blackhawks zone.
9:16 of 3rd period - Wrist shot by Peter Regin.
9:16 of 3rd period - Shot Misses the Net.
9:53 of 3rd period - Off-side.
9:54 of 3rd period - Rick Nash wins face-off versus Mike Fisher in neutral zone.
9:58 of 3rd period - Off-side.
9:59 of 3rd period - Derick Brassard wins face-off versus David Legwand in neutral zone.
10:44 of 3rd period - Minor Penalty to Brandon Yip for Hooking.
10:45 of 3rd period - Derick Brassard wins face-off versus David Legwand in Blackhawks zone.
10:45 of 3rd period - Derick Brassard is hit by Evander Kane.
11:01 of 3rd period - Snap shot by Vladimir Tarasenko.
11:01 of 3rd period - Stopped by Ray Emery with a rebound.
11:15 of 3rd period - Slapshot by Ryan Ellis.
11:15 of 3rd period - Stopped by Ray Emery with a rebound.
12:23 of 3rd period - David Legwand is hit by Chris Kreider.
12:44 of 3rd period - Penalty to Brandon Yip is over, Brandon Yip is back on ice.
12:56 of 3rd period - Wrist shot by Zac Rinaldo.
12:56 of 3rd period - Shot Misses the Net.
12:58 of 3rd period - Snap shot by Zac Rinaldo.
12:58 of 3rd period - Shot Blocked by John Carlson.
13:00 of 3rd period - Slapshot by Dustin Byfuglien.
13:00 of 3rd period - Shot Misses the Net.
13:23 of 3rd period - Wrist shot by Gabriel Bourque.
13:23 of 3rd period - Shot Misses the Net.
13:25 of 3rd period - Slapshot by Robert Hagg.
13:25 of 3rd period - Shot Blocked by T.J. Fast.
16:26 of 3rd period - Maxim Talbot is hit by Gabriel Bourque and loses puck.
17:05 of 3rd period - Chris Kreider is hit by David Legwand and loses puck.
17:23 of 3rd period - Icing by Michael Latta.
17:24 of 3rd period - Jiri Hudler wins face-off versus Michael Latta in Blackhawks zone.
17:29 of 3rd period - Slapshot by Evander Kane.
17:29 of 3rd period - Stopped by Ray Emery with a rebound.
17:49 of 3rd period - Snap shot by Mike Fisher.
17:49 of 3rd period - Stopped by Ray Emery without a rebound.
17:50 of 3rd period - Maxim Talbot wins face-off versus Peter Regin in Blackhawks zone.
18:08 of 3rd period - Minor Penalty to Maxim Talbot for Slashing.
18:09 of 3rd period - Vladimir Tarasenko wins face-off versus Derick Brassard in Nordiques zone.
18:09 of 3rd period - Vladimir Tarasenko is hit by Derick Brassard.
18:20 of 3rd period - Wrist shot by Derick Brassard.
18:20 of 3rd period - Stopped by Jake Allen without a rebound.
18:21 of 3rd period - Derick Brassard wins face-off versus Vladimir Tarasenko in Nordiques zone.
18:36 of 3rd period - Snap shot by Chris Kreider.
18:36 of 3rd period - Shot Misses the Net.
19:40 of 3rd period - Seth Jones is hit by Zac Rinaldo and loses puck.
Goals for this period are 0 for Nordiques vs 0 for Blackhawks.
Shots for this period are 9 for Nordiques vs 5 for Blackhawks.